 Dungeon Crawl Stone Soup version 0.15-a0-1968-gb423ccb (console) character file.

82 BRA71L the Magician (level 4, -3/24 HPs)
             Began as a Deep Elf Ice Elementalist on July 9, 2014.
             Was a Follower of Cheibriados.
             Shot with a silver bolt by a kobold (13 damage)
             ... in a sewer.
             The game lasted 00:05:56 (774 turns).

BRA71L the Magician (Deep Elf Ice Elementalist)      Turns: 774, Time: 00:05:56

HP  -3/24        AC  2     Str  8      XL: 4   Next: 21%
MP  10/16        EV 13     Int 22      God: Cheibriados [*.....]
Gold 59          SH  0     Dex 17      Spells:  3 memorised,  5 levels left

rFire  . . .     SeeInvis .     n - +0 dagger
rCold  . . .     Clarity  .     a - +0 robe
rNeg   . . .     rCorr    .     (no shield)
rPois  .         rRot     .     (no helmet)
rElec  .         Spirit   .     (no cloak)
SustAb .         Warding  .     (no gloves)
rMut   .         Stasis   .     (no boots)
Gourm  .                        (no amulet)
MR     .....                    (no ring)
                                (no ring)

@: very slow, not resistant to hostile enchantments, very unstealthy
A: no striking features
a: Bend Time, Renounce Religion


You were in a sewer.
You worshipped Cheibriados.
Cheibriados was aware of your devotion.
You were not hungry.

You visited 1 branch of the dungeon, and saw 3 of its levels.
You also visited: Sewer.

You collected 59 gold pieces.

Inventory:

Hand weapons
 n - a +0 dagger (weapon)
 o - a +0 halberd
Armour
 a - a +0 robe (worn)
 k - a +0 scale mail
Magical devices
 l - a wand of random effects (17) {unknown}
Comestibles
 c - 2 bread rations
 i - 3 meat rations
Scrolls
 e - a scroll of remove curse {unknown}
 f - 2 scrolls of enchant armour {unknown}
 g - a scroll of fog {unknown}
 j - a scroll of identify {unknown}
 p - a scroll of magic mapping {unknown}
Potions
 d - a potion of degeneration {unknown}
 h - a potion of lignification {unknown}
 m - a potion of curing {unknown}
Books
 b - a book of Frost

   Spells                             Type                      Level
   *Freeze                            Ice                          1
   *Throw Frost                       Conjuration/Ice              2
   Ozocubu's Armour                   Charms/Ice                   3
   *Throw Icicle                      Conjuration/Ice              4
   Summon Ice Beast                   Ice/Summoning                4
   Condensation Shield                Ice                          4


   Skills:
 - Level 2.4 Dodging
 - Level 2.4 Stealth
 + Level 4.9 Spellcasting
 * Level 3.1 Conjurations
 * Level 3.2 Ice Magic


You had 5 spell levels left.
You knew the following spells:

 Your Spells              Type           Power        Failure   Level  Hunger
a - Freeze                Ice            ###.         2%          1    None
b - Throw Frost           Conj/Ice       ###...       6%          2    None
c - Throw Icicle          Conj/Ice       ###.....     34%         4    ####...


Dungeon Overview and Level Annotations

Branches:
Dungeon (3/15)

Altars:
Cheibriados

Annotations:
D:2 Sigmund
D:3 ghwc's ghost, average OgHu


Message History

A kobold comes into view.
You enter the shallow water.
Moving in this stuff is going to be slow.
The kobold wields a crossbow.
The kobold shoots a silver bolt.
The silver bolt hits you!
Ouch! That really hurt!
You hear a splash.
A kobold comes into view. It is wielding a whip.
You see here a silver bolt.
The jackal closely misses you. The jackal misses you.
Cast which spell? (? or * to list)
Aiming: Freeze
Press: ? - help, Shift-Dir - straight line, f - jackal
Aim: a jackal You freeze the jackal.
You kill the jackal!
Cheibriados thoroughly appreciates the change of pace.
The kobold shoots a silver bolt.
The silver bolt hits you!
Ouch! That really hurt!
You die...

#≈# #≈# #≈# #≈# #≈#
#≈# #≈# #≈# #@# #≈#
#≈# #########≈##
#.≈K..≈.K≈≈#######
#..≈≈≈≈.K≈.......#
#≈K≈≈≈≈≈≈≈≈≈≈≈≈≈≈≈≈≈≈
.≈≈≈≈≈≈≈≈≈≈≈≈≈≈≈≈≈≈≈
#≈≈≈≈≈≈≈≈≈≈≈≈≈≈≈≈≈≈≈


You could see 2 kobolds.

Vanquished Creatures
  3 gnolls (D:2)
  3 giant mites
  An ooze (D:2)
  2 ball pythons
  4 hobgoblins
  A jackal (Sewer)
  A quokka (D:2)
  2 bats (D:1)
  2 giant cockroaches
  2 giant newts
  4 goblins
  2 kobolds (D:2)
  11 rats
38 creatures vanquished.

Notes
Turn   | Place    | Note
--------------------------------------------------------------
     0 | D:1      | BRA71L, the Deep Elf Ice Elementalist, began the quest for the Orb.
     0 | D:1      | Reached XP level 1. HP: 10/10 MP: 5/5
    78 | D:1      | Reached skill level 4 in Spellcasting
    78 | D:1      | Reached XP level 2. HP: 10/15 MP: 3/9
   267 | D:1      | Learned a level 2 spell: Throw Frost
   270 | D:2      | Found a snail-covered altar of Cheibriados.
   279 | D:2      | Became a worshipper of Cheibriados the Contemplative
   496 | D:2      | Noticed Sigmund
   500 | D:3      | Noticed ghwc's ghost (average OgHu)
   513 | D:2      | Reached XP level 3. HP: 12/19 MP: 10/12
   664 | D:3      | Found a glowing drain.
   686 | D:3      | Reached XP level 4. HP: 18/24 MP: 3/16
   709 | Sewer    | Entered a sewer
   727 | Sewer    | Learned a level 4 spell: Throw Icicle
   774 | Sewer    | Shot with a silver bolt by a kobold

Action                   |  1- 3 |  4- 6 || total
-------------------------+-------+-------++-------
Melee: Unarmed           |     5 |       ||     5
       Dagger            |     5 |     3 ||     8
 Cast: Freeze            |    44 |     8 ||    52
       Throw Frost       |     1 |       ||     1
 Stab: Sleeping          |     3 |       ||     3
